 Dungeon Crawl Stone Soup version 0.25-a0-822-g6581751b11 (webtiles) character file.

Game seed: 2686111561070866768, levelgen mode: classic

809 Amnesiac the Zephyrmancer (level 7, -2/46 HPs)
             Began as a Barachi Air Elementalist on Apr 20, 2020.
             Was a Believer of Dithmenos.
             Killed from afar by an orc wizard (14 damage)
             ... with a puff of flame
             ... on level 5 of the Dungeon.
             The game lasted 00:09:51 (4164 turns).

Amnesiac the Zephyrmancer (BaAE)                    Turns: 4164, Time: 00:09:53

Health: -2/46      AC:  8    Str: 15    XL:     7   Next: 92%
Magic:  1/14       EV: 12    Int: 18    God:    Dithmenos [**....]
Gold:   133        SH:  0    Dex: 12    Spells: 9/16 levels left

rFire    . . .     SeeInvis .   a - +0 falchion (elec)
rCold    . . .     Gourm    .   (no shield)
rNeg     . . .     Faith    .   z - +3 robe of Elirgh {Str+2}
rPois    .         Spirit   .   v - +1 helmet
rElec    .         Reflect  .   (no cloak)
rCorr    .         Harm     .   (no gloves)
MR       .....                  t - +0 pair of boots
Stlth    ++........             (no amulet)
HPRegen  0.15/turn              s - +4 ring of strength
MPRegen  0.14/turn              (no ring)

@: wreathed by umbra, slow
A: +LOS, swims, slowness 1, strong legs 1
a: Hop, Shadow Step, Renounce Religion


You were on level 5 of the Dungeon.
You worshipped Dithmenos.
Dithmenos was pleased with you.
You were hungry.

You visited 2 branches of the dungeon, and saw 6 of its levels.

You collected 133 gold pieces.

Inventory:

Hand Weapons
 a - a +0 falchion of electrocution (weapon)
 b - a +2 whip of venom
Missiles
 f - 2 throwing nets (quivered)
Armour
 t - a +0 pair of boots (worn)
 v - a +1 helmet (worn)
 w - a +0 robe
 z - the +3 robe of Elirgh (worn) {Str+2}
   (You found it on level 4 of the Dungeon)

   It affects your strength (+2).
Jewellery
 q - a +3 ring of dexterity
 s - a +4 ring of strength (left hand)
Scrolls
 d - 2 scrolls of teleportation {!r, unknown}
 g - 3 scrolls of enchant armour {!r}
 i - 2 scrolls of fear {!r, unknown}
 l - 5 scrolls of blinking {!r}
 n - 2 scrolls of fog {!r, unknown}
 r - a scroll of remove curse {!r}
 y - a scroll of enchant weapon {!r, unknown}
 A - a scroll of noise {!r, unknown}
 B - a scroll of random uselessness {!r, unknown}
Potions
 e - a potion of lignification {!q}
 k - a potion of invisibility {!q}
 m - a potion of brilliance {!q}
 p - a potion of curing {!q, unknown}
 u - a potion of flight {!q}
 x - a potion of might {!q, unknown}
Comestibles
 c - 10 rations


   Skills:
 - Level 2.1 Dodging
 - Level 1.7 Stealth
 + Level 5.3 Spellcasting
 - Level 1.1 Conjurations
 * Level 8.4 Air Magic


You had 9 spell levels left.
You knew the following spells:

 Your Spells              Type           Power        Failure   Level  Hunger
a - Shock                 Conj/Air       ###.         1%          1    None
e - Airstrike             Air            #####.....   4%          4    ####...
z - Swiftness             Chrm/Air       ###.....     3%          2    #......

Your spell library contained the following spells:

 Spells                   Type           Power        Failure   Level  Hunger
 Static Discharge         Conj/Air       ###.....     5%          3    ##.....
 Lightning Bolt           Conj/Air       ###.......   45%         5    ######.


Dungeon Overview and Level Annotations

Branches:
Dungeon (5/15)             Temple (1/1) D:4

Altars:
Ashenzari
Cheibriados
Dithmenos
Elyvilon
Gozag
Hepliaklqana
Okawaru
Qazlal
Sif Muna
Trog
Uskayaw
Vehumet
Wu Jian
Yredelemnul
Zin
The Shining One

Annotations:
D:5 Sigmund


Innate Abilities, Weirdness & Mutations

You can be seen from farther away. (+LOS)
You can swim through water.
You cover ground slowly.
You can hop short distances.


Message History

The worker ant bites you but does no damage.
The worker ant bites you but does no damage.
The worker ant bites you.
* * * LOW HITPOINT WARNING * * *
There is a stone staircase leading up here.
The worker ant closely misses you.
Casting: Shock (safe; 1% risk of failure)
Confirm with . or Enter, or press ? or * to list all spells.
Aiming: Shock (safe; 1% risk of failure)
Press: ? - help, Shift-Dir - straight line The zap hits the worker ant!
The worker ant is heavily wounded.
The zap hits the worker ant.
The worker ant is severely wounded.
The worker ant barely misses you.
Casting: Shock (safe; 1% risk of failure)
Confirm with . or Enter, or press ? or * to list all spells.
Aiming: Shock (safe; 1% risk of failure)
Press: ? - help, Shift-Dir - straight line The zap hits the worker ant.
You kill the worker ant!
Dithmenos accepts your kill.
There is a stone staircase leading up here.
You are feeling hungry.
Unknown command.
Unknown command.
(D) Dungeon (T) Temple
Where to? (Enter - D:4 @ (x,y), ? - help)
There is a stone staircase leading down here.
You start resting.
You are ready to hop once more.
You climb downwards.
You hear the hiss of flowing sand.
There is an entrance to an ossuary on this level.
Hurry and find it before the portal is buried!
Level annotation: Sigmund You hear the hiss of a distant avalanche of sand.
An orc comes into view. It is wielding a +0 flail.
There is a stone staircase leading up here.
Found a ration.
Casting: Shock (safe; 1% risk of failure)
Confirm with . or Enter, or press ? or * to list all spells.
Aiming: Airstrike (mildly dangerous; 4% risk of failure)
Press: ? - help, Dir - move target cursor, f - orc wizard
Aim: an orc wizard, wielding a +0 dagger and wearing a cursed +0 robe (hasn't noticed you, umbra)
The air twists around and strikes the orc wizard!
The orc wizard shouts!
The orc wizard is almost dead.
The orc shouts!
You hear a shout!
An orc wizard comes into view. It is wielding a +0 dagger.
The orc wizard barely misses you.
Casting: Airstrike (mildly dangerous; 4% risk of failure)
Confirm with . or Enter, or press ? or * to list all spells.
Aiming: Airstrike (mildly dangerous; 4% risk of failure)
Press: ? - help, Dir - move target cursor, f/p - orc wizard
Aim: an orc wizard, wielding a +0 dagger and wearing a cursed +0 robe (almost dead, umbra)
The air twists around and strikes the orc wizard!
You kill the orc wizard!
Dithmenos accepts your kill.
An orc comes into view.
The orc hits you but does no damage. The orc hits you with a +0 flail.
* * * LOW HITPOINT WARNING * * *
The orc wizard points at you and mumbles some strange words.
The puff of flame hits you!
You die...

#.#......#
........#
.......##
#.......
#...... #..
.....
.≈≈≈.##..###
.[o§...).o.#
≈o.≈####.@.#
#o?.#
[o$...#
......
..........
....$..
#####.?.....
@.......
##......#
.......
#.........
....###
#..###...[.
...#≈≈
#..........#
#....


You could see an orc wizard and 3 orcs.

Vanquished Creatures
  A sky beast (D:5)
  2 ogres (D:4)
  A scorpion (D:4)
  A howler monkey (D:5)
  A hound (D:4)
  A jelly (D:5)
  An orc priest (D:4)
  3 orc wizards
  Terence (D:2)
  An iguana (D:2)
  Ijyb (D:3)
  3 worker ants
  Robin (D:3)
  4 adders
  An adder skeleton (D:5)
  A worm (D:3)
  2 dart slugs
  3 leopard geckos
  13 orcs
  4 bats
  3 giant cockroaches
  9 hobgoblins
  4 jackals (D:1)
  4 frilled lizards
  20 goblins
  A jackal skeleton (D:4)
  7 kobolds
  10 rats
104 creatures vanquished.

Notes
Turn   | Place    | Note
-------+----------+-------------------------------------------
     0 | D:1      | Amnesiac the Barachi Air Elementalist began the quest for
                  | the Orb.
     0 | D:1      | Reached XP level 1. HP: 13/13 MP: 3/3
   142 | D:2      | Reached XP level 2. HP: 16/19 MP: 0/5
   584 | D:3      | Reached skill level 4 in Air Magic
   630 | D:3      | Reached XP level 3. HP: 13/24 MP: 0/7
   896 | D:4      | Found a staircase to the Ecumenical Temple.
   903 | Temple   | Entered the Ecumenical Temple
   912 | Temple   | Became a worshipper of Dithmenos the Shadowed
  1747 | D:2      | Noticed Terence
  1767 | D:2      | Killed Terence
  1767 | D:2      | Reached XP level 4. HP: 20/30 MP: 1/8
  1783 | D:2      | Learned a level 4 spell: Airstrike
  1786 | D:2      | Learned a level 2 spell: Swiftness
  1826 | D:2      | Reached skill level 5 in Air Magic
  1914 | D:2      | Reached * piety under Dithmenos
  2156 | D:2      | Reached XP level 5. HP: 35/35 MP: 4/10
  2570 | D:3      | Noticed Robin
  2580 | D:3      | Killed Robin
  2889 | D:3      | Reached skill level 6 in Air Magic
  2891 | D:3      | Noticed Ijyb
  2896 | D:3      | Reached ** piety under Dithmenos
  2996 | D:3      | Paralysed by Ijyb for 6 turns
  3010 | D:3      | Paralysed by Ijyb for 3 turns
  3016 | D:3      | Killed Ijyb
  3016 | D:3      | Reached XP level 6. HP: 36/41 MP: 0/11
  3522 | D:4      | Got an ancient robe
  3621 | D:4      | Identified the +3 robe of Elirgh {Str+2} (You found it on
                  | level 4 of the Dungeon)
  3663 | D:4      | Reached skill level 7 in Air Magic
  3663 | D:4      | Reached XP level 7. HP: 44/46 MP: 3/13
  3943 | D:5      | Entered Level 5 of the Dungeon
  3983 | D:5      | Noticed Sigmund
  3989 | D:5      | Reached skill level 5 in Spellcasting
  3989 | D:5      | Reached skill level 8 in Air Magic
  4164 | D:5      | Killed from afar by an orc wizard

Levels and vault maps discovered:
D:1:      minmay_arrival_radiant_lines, layout_loops_corners,
          chequers_serial_rivers_micro_c, st_stairs_3
D:2:      layout_loops_ring, first_ration, grunt_ministairs_6,
          chequers_serial_rivers_micro_a, uniq_terence
D:3:      kennysheep_the_goblin_king, layout_basic, uniq_robin
D:4:      layout_cave_pools, minmay_temple_entry_nine_rooms,
          minmay_misc_feat_room
D:5:      layout_rooms, chequers_ossuary_entry_cave, serial_rivers,
          chequers_serial_rivers_large_b, chequers_serial_rivers_small_3,
          chequers_serial_rivers_micro_e, chequers_serial_rivers_micro_e,
          kennysheep_generic_room_4, uniq_sigmund
Temple:   grunt_wide_crystal_templ

Skill      XL: |  1  2  3  4  5  6  7 |
---------------+----------------------+-----
Air Magic      | 4 5 6 7 8 |  8.4
Spellcasting   | 3 4 5 |  5.3
Dodging        | |  2.1
Stealth        | |  1.7
Conjurations   | |  1.1

Action                   |  1- 3 |  4- 6 |  7- 9 || total
-------------------------+-------+-------+-------++-------
Melee: Whip              |    40 |    33 |       ||    73
       Falchion          |       |     7 |     5 ||    12
 Cast: Shock             |    41 |    91 |    13 ||   145
       Airstrike         |       |    12 |     8 ||    20
 Abil: Hop               |       |       |     1 ||     1
  Use: Scroll            |       |     4 |     3 ||     7
       Potion            |       |       |     1 ||     1
 Stab: Sleeping          |     2 |     1 |       ||     3
  Eat: Chunk             |     3 |    10 |     2 ||    15
Armor: Robe              |    15 |     8 |    20 ||    43
Dodge: Dodged            |    42 |    40 |    33 ||   115
       Rpst.: Falchion   |       |     3 |     8 ||    11

Table legend:
 A = Non-vault XP
 B = Vault XP
 C = Vault XP percentage of total XP
 D = Non-vault monster count
 E = Vault monster count
 F = Vault count percentage of total count
                 A         B        C        D         E       F
            +---------+---------+-------+---------+---------+-------
      Total |    1034 |     123 |  10.6 |      80 |      24 |  23.1
            +---------+---------+-------+---------+---------+-------
        D:1 |      36 |       2 |   5.3 |      20 |       2 |   9.1
        D:2 |     140 |      38 |  21.3 |      23 |       3 |  11.5
        D:3 |      34 |      83 |  70.9 |      14 |      19 |  57.6
        D:4 |     564 |       0 |   0.0 |      18 |       0 |   0.0
        D:5 |     260 |       0 |   0.0 |       5 |       0 |   0.0
            +---------+---------+-------+---------+---------+-------
